 Dungeon Sprint DCSS version 0.30-a0-1116-gebefce21f7 (webtiles) character file.

Game seed: 11200339607540291096

492429 123456 the Conqueror (level 19, -54/207 HPs)
             Began as a Minotaur Fighter on Apr 21, 2023.
             Was an Initiate of Gozag.
             Killed from afar by Lom Lobon (82 damage)
             ... with a great icy blast
             ... in the Dungeon (Sprint IX: "|||||||||||||||||||||||||||||").
             The game lasted 00:36:54 (10521 turns).

123456 the Conqueror (Minotaur Fighter)            Turns: 10521, Time: 00:36:55

Health: -54/207    AC: 39    Str: 28    XL:     19   Next: 35%
Magic:  18/18      EV: 33    Int:  3    God:    Gozag
Gold:   10981      SH: 33    Dex: 19    Spells: 18/18 levels left

rFire   + + .      SeeInvis .    s - +13 sceptre of Asmodeus
rCold   . . .      Faith    .    l - +3 tower shield "Caelupn" {Str+3}
rNeg    . . .      Spirit   .    M - +10 plate armour
rPois   +          Reflect  .    L - +2 hat
rElec   .          Rampage  +    J - +1 cloak of Starlight {*Dazzle EV+4 Stlth--}
rCorr   .          NoTele   +    o - +1 pair of gloves "Fokhluw" {rF++ Regen+ Int-2}
Will    +....                    H - +2 pair of boots {rampage} Stlth
                                 u - amulet of regeneration
HPRegen 2.14/turn                D - ring "Caruereu" {rPois EV+5 Slay+5}
MPRegen 0.16/turn                E - ring of Cooh {Fly rPois Dex+7}

@: flying, bribing [the Dungeon], unable to read
A: horns 2, retaliatory headbutt, talons 1, large bone plates 1, clumsy 1,
deformed body, inability to read after injury 1
}: 11/17 runes: decaying, serpentine, barnacled, slimy, elven, silver, golden,
obsidian, abyssal, glowing, gossamer
a: Renounce Religion, Potion Petition, Call Merchant, Bribe Branch


You were in the Dungeon.
You worshipped Gozag.
Gozag was extremely pleased with you.
You visited 1 branch You collected 47485 gold pieces.
You spent 7030 gold pieces at shops.
You paid 29474 gold pieces to Gozag.

Inventory:

Hand Weapons
 a - the +7 morningstar "Erewo" {freeze, rF++ Str+6}
   (You bought it in a shop in the Dungeon)

   Str:       It affects your strength (+6).
   rF:        It greatly protects you from fire.
 b - the +7 Spriggan's Knife {stab, EV+4 Stlth+}
   (You bought it in a shop in the Dungeon)

   Stab:      It is more effective when stabbing unaware enemies, sometimes
   treating them as though they were completely helpless.
   EV:        It affects your evasion (+4).
   Stlth:     It makes you more stealthy.
 p - a +5 eveningstar of protection
 s - the +13 sceptre of Asmodeus (weapon)
   (You took it off Asmodeus in the Dungeon)

   Fire Summon: It may summon demons of flame and damnation when striking foes.
 N - a +8 demon whip of venom
Missiles
 C - a javelin (quivered)
Armour
 l - the +3 tower shield "Caelupn" (worn) {Str+3}
   (You found it in the Dungeon)

   Str:       It affects your strength (+3).
 o - the +1 pair of gloves "Fokhluw" (worn) {rF++ Regen+ Int-2}
   (You found it in the Dungeon)

   Int:       It affects your intelligence (-2).
   rF:        It greatly protects you from fire.
   Regen:     It increases your rate of health regeneration.
 H - a +2 pair of boots of rampaging (worn)
 J - the +1 cloak of Starlight (worn) {*Dazzle EV+4 Stlth--}
   (You bought it in a shop in the Dungeon)

   *Dazzle:   It may blind those who miss an attack against the wearer in melee
   combat.
   EV:        It affects your evasion (+4).
   Stlth:     It makes you much less stealthy.
 L - a +2 hat (worn)
 M - a +10 plate armour (worn)
Jewellery
 u - an amulet of regeneration (around neck)
 D - the ring "Caruereu" (left hand) {rPois EV+5 Slay+5}
   (You bought it in a shop in the Dungeon)

   [ring of evasion]

   EV:        It affects your evasion (+5).
   Slay:      It affects your accuracy & damage with ranged weapons and melee
   (+5).
   rPois:     It protects you from poison.
 E - the ring of Cooh (right hand) {Fly rPois Dex+7}
   (You bought it in a shop in the Dungeon)

   [ring of flight]

   Dex:       It affects your dexterity (+7).
   rPois:     It protects you from poison.
   Fly:       It grants you flight.
 F - the ring "Fuxiukk" {Wiz Str+6 Dex+3}
   (You bought it in a shop in the Dungeon)

   [ring of wizardry]

   It improves your spell success rate.
   Str:       It affects your strength (+6).
   Dex:       It affects your dexterity (+3).
 V - the ring of Kuhoa {+Blink rPois rF+ rC+ Str-3}
   (You found it in the Dungeon)

   [ring of protection from cold]

   Str:       It affects your strength (-3).
   rF:        It protects you from fire.
   rC:        It protects you from cold.
   rPois:     It protects you from poison.
   +Blink:    It lets you blink.
 W - the ring "Nasuomat" {rElec rF+ Will+ Stlth+}
   (You found it in the Dungeon)

   [ring of willpower]

   rF:        It protects you from fire.
   rElec:     It insulates you from electricity.
   Will:      It increases your willpower.
   Stlth:     It makes you more stealthy.
 X - the amulet of the Eleven Runes {Faith Str+4 Dex-2}
   (You found it in the Dungeon)

   [amulet of faith]

   It allows you to gain divine favour quickly.
   Str:       It affects your strength (+4).
   Dex:       It affects your dexterity (-2).
 Y - the ring "Nubiw" {rN+ Will+ SInv}
   (You found it in the Dungeon)

   [ring of see invisible]

   rN:        It protects you from negative energy.
   SInv:      It lets you see invisible.
   Will:      It increases your willpower.
 Z - the ring "Muodin" {Wiz SInv Stlth+}
   (You found it in the Dungeon)

   [ring of wizardry]

   It improves your spell success rate.
   SInv:      It lets you see invisible.
   Stlth:     It makes you more stealthy.
Wands
 m - a wand of iceblast (10)
Scrolls
 c - 2 scrolls of fog
 j - 8 scrolls of blinking
 n - 6 scrolls of identify
 t - 3 scrolls of fear
 Q - 3 scrolls of enchant armour
Potions
 d - 3 potions of might
 e - 9 potions of curing
 f - 6 potions of heal wounds
 g - 8 potions of haste
 h - 9 potions of magic
 i - a potion of berserk rage
 k - 2 potions of invisibility
 v - 3 potions of brilliance
 w - a potion of cancellation {unknown}
 O - a potion of degeneration {unknown}
 R - a potion of lignification {unknown}
Miscellaneous
 r - a box of beasts
 G - a piece from Xom's chessboard (15/15)
 T - a phantom mirror
 U - a lightning rod (4/4)


   Skills:
 O Level 27 Fighting
 O Level 27 Short Blades
 O Level 27 Maces & Flails
 O Level 27 Throwing
 O Level 27 Armour
 O Level 27 Dodging
 + Level 16.7 Stealth
 O Level 27 Shields
 + Level 24.1 Evocations


You had 18 spell levels left.
You didn't know any spells.
Your spell library contained the following spells:

 Spells                   Type           Power      Damage    Failure   Level
 Static Discharge         Conj/Air       0%         2-2/arc   95%         2
 Airstrike                Air            0%         2d(0-16)  100%        4
 Summon Lightning Spire   Summ/Air       0%         N/A       100%        4


Dungeon Overview and Level Annotations

Branches:
Dungeon (1/1)

Altars:
Cheibriados
Dithmenos
Elyvilon
Fedhas
Gozag
Hepliaklqana
Kikubaaqudgha
Makhleb
Nemelex Xobeh
Okawaru
Qazlal
Ru
Sif Muna
Trog
Uskayaw
Vehumet
Wu Jian
Xom
Yredelemnul
Zin
The Shining One
Jiyva
Lugonu

Shops:
D **!:([*[(((=(

Annotations:
D Lom Lobon


Innate Abilities, Weirdness & Mutations

You have a pair of horns on your head.
You reflexively headbutt those who attack you in melee.
You have sharp toenails.
You are partially covered in large bone plates. (SH +4)
You are clumsy. (Dex -2)
Armour fits poorly on your strangely shaped body.
You occasionally lose the ability to read scrolls when taking damage.


Message History

You headbutt Lom Lobon! You impale Lom Lobon!! You headbutt Lom Lobon.
Lom Lobon is severely wounded.
You are engulfed in whirling frost.
Lom Lobon gestures.
Lom Lobon is healed.
You miss Lom Lobon.
Lom Lobon is heavily wounded.
You are engulfed in whirling frost.
The ball lightning explodes!
The blast of lightning engulfs Lom Lobon.
Lom Lobon completely resists.
The blast of lightning engulfs the ball lightning.
The ball lightning completely resists.
The blast of lightning engulfs you!!
You barely miss Lom Lobon. You headbutt Lom Lobon.
Lom Lobon is heavily wounded.
You are engulfed in whirling frost.
You block Lom Lobon's attack.
The ball lightning explodes!
The blast of lightning engulfs Lom Lobon.
Lom Lobon completely resists.
The blast of lightning engulfs you!!!
You feel threatened and lose the ability to read scrolls!
You hit Lom Lobon. You headbutt Lom Lobon.
Lom Lobon is heavily wounded.
You are engulfed in whirling frost.
Lom Lobon gestures. 3 ball lightnings come into view.
You impale Lom Lobon!! Your headbutt misses Lom Lobon.
Lom Lobon is heavily wounded.
You are engulfed in whirling frost.
The ball lightning explodes!
The blast of lightning engulfs Lom Lobon.
Lom Lobon completely resists.
The blast of lightning engulfs the ball lightning.
The ball lightning completely resists.
The blast of lightning engulfs you!!!
* * * LOW HITPOINT WARNING * * *
Lom Lobon gestures at you.
Lom Lobon conjures a mighty blast of ice!
The great icy blast engulfs you!!!!
You die...
Your body crumbles into a pile of gold.

.▓.▓.▓.▓.▓.▓.▓H▓.▓.▓
.▓.▓.▓.▓.▓)▓.▓H▓.▓.▓
[▓.▓.▓'▓.▓)▓.▓.▓.▓.▓
.▓.▓.▓.▓.▓.▓.▓.▓.▓.▓
.▓.▓.▓.▓.▓.▓.▓.▓$▓.▓
.▓∩▓.▓.▓.▓{▓.▓H▓$▓.▓
.▓[▓.▓.▓.▓.▓.▓H▓$▓H▓
.▓(▓.▓.▓.▓.▓.▓.▓$▓.▓
.▓'▓.▓.▓.▓)▓.▓.▓@▓.▓
.▓.▓.▓.▓.▓.▓.▓.▓&▓.▓
.▓.▓.▓.▓.▓.▓.▓.▓*▓.▓
...▓...▓...▓...▓§§M▓
▓▓▓▓▓▓▓▓▓▓▓▓▓▓▓▓▓▓▓▓


You could see Lom Lobon (vortex) and a ball lightning (wandering).

Vanquished Creatures
  Cerebov (D)
  Antaeus (D)
  Asmodeus (D)
  the Royal Jelly (D)
  Mnoleg (D)
  3 orbs of fire (D)
  9 ancient liches (D)
  Mennas (D)
  A juggernaut (D)
  Mara (D)
  Sojobo (D)
  2 Killer Klowns (D)
  Frederick (D)
  Xtahua (D)
  A curse toe (D)
  Geryon (D)
  4 golden dragons (D)
  Nikola (D)
  Jory (D)
  2 electric golems (D)
  Rupert (D)
  6 tentacled monstrosities (D)
  26 Orb Guardians (D)
  2 deep elf blademasters (D)
  13 acid blobs (D)
  3 quicksilver dragons (D)
  2 sphinxes (D)
  2 tengu reavers (D)
  6 storm dragons (D)
  A draconian monk (D)
  7 azure jellies (D)
  Ilsuiw (D)
  3 rockslimes (D)
  7 shadow dragons (D)
  3 nagarajas (D)
  2 frost giants (D)
  A deep elf sorcerer (D)
  2 vault wardens (D)
  A draconian knight (D)
  A draconian shifter (D)
  Aizul (D)
  5 emperor scorpions (D)
  2 ghost moths (D)
  Louise (D)
  3 draconian annihilators (D)
  2 very ugly things (D)
  3 quicksilver oozes (D)
  An ironbound preserver (D)
  2 stone giants (D)
  Nessos (D)
  2 vampire knights (D)
  3 green draconians (D)
  5 black draconians (D)
  3 bunyips (D)
  A deep elf annihilator (D)
  5 white draconians (D)
  6 yellow draconians (D)
  A red draconian (D)
  7 merfolk impalers (D)
  2 ettins (D)
  2 merfolk javelineers (D)
  3 yaktaur captains (D)
  5 ice dragons (D)
  26 vault guards (D)
  A ghost crab (D)
  8 hydras (D)
  A centaur warrior (D)
  A merfolk avatar (D)
  A radroach (D)
  A boulder beetle (D)
  2 two-headed ogres (D)
  A catoblepas (D)
  2 merfolk aquamancers (D)
  A thrashing horror (D)
  A spriggan berserker (D)
  8 naga warriors (D)
  A naga sharpshooter (D)
  A shock serpent (D)
  2 hell knights (D)
  A pharaoh ant (D)
  A shadow wraith (D)
  8 swamp dragons (D)
  A wizard (D)
  2 goliath frogs (D)
  An ironbound convoker (D)
  2 necromancers (D)
  2 deep elf pyromancers (D)
  A steelbarb worm (D)
  2 orc knights (D)
  A cyclops (shapeshifter) (D)
  A manticore (D)
  3 wolf spiders (D)
  An elephant (D)
  A cyclops (D)
  11 moths of wrath (D)
  4 black mambas (D)
  A vault sentinel (D)
  A merfolk siren (D)
  2 demonic crawlers (D)
  A guardian serpent (D)
  3 naga magi (D)
  5 cane toads (D)
  A freezing wraith (D)
  An efreet (D)
  A rime drake (D)
  3 komodo dragons (D)
  4 guardian mummies (D)
  A wandering mushroom (D)
  A merfolk (shapeshifter) (D)
  A tyrant leech (D)
  4 blink frogs (D)
  A slime creature (D)
  2 jumping spiders (D)
  A shadow (D)
  5 spriggans (D)
  3 yaks (D)
  2 steam dragons (D)
  4 golden eyes (D)
  A redback (D)
  2 vampire mosquitoes (D)
  An acid dragon (D)
  A water moccasin (D)
  A floating eye (D)
  3 orc warriors (D)
  A sky beast (D)
  3 ogres (D)
  2 wolves (D)
  2 bullfrogs (D)
  A scorpion (D)
  A killer bee (D)
  4 orc priests (D)
  An orc wizard (D)
  2 dart slugs (D)
  6 orcs (D)
  A goblin (D)
  A hobgoblin (D)
  2 kobolds (D)
  A quokka (D)
  A ball lightning (D)
  5 fire vortices (D)
383 creatures vanquished.

Vanquished Creatures (collateral kills)
  Ereshkigal (D)
  A deep elf sorcerer (D)
  A mummy priest (D)
  2 fire dragons (D)
  2 deep elf high priests (D)
  An entropy weaver (D)
  2 ice dragons (D)
  A centaur warrior (D)
  A tengu warrior (D)
  Urug (D)
  An ironbound convoker (D)
  An orc knight (D)
  An orc sorcerer (D)
  A naga mage (D)
  A water nymph (D)
  2 guardian mummies (D)
  2 spriggans (D)
  A sky beast (D)
  5 orc warriors (D)
  3 ogres (D)
  A wight (D)
  An orc priest (D)
33 creatures vanquished.

Vanquished Creatures (others)
  An ancient lich (D)
  5 royal mummies (D)
  Margery (D)
  5 liches (D)
  A deep elf blademaster (D)
  11 sphinxes (D)
  A fire giant (D)
  A very ugly thing (D)
  An ironbound preserver (D)
  An ironbound thunderhulk (D)
  2 vampire knights (D)
  2 stone giants (D)
  A deep elf demonologist (D)
  A deep elf annihilator (D)
  3 ettins (D)
  3 deep elf death magi (D)
  5 mummy priests (D)
  A spriggan air mage (D)
  2 rakshasas (D)
  A peacekeeper (D)
  3 two-headed ogres (D)
  A centaur warrior (D)
  Nergalle (D)
  A bog body (D)
  2 glowing orange brains (D)
  A naga ritualist (D)
  2 wizards (D)
  An ironbound convoker (D)
  An orc sorcerer (D)
  A steelbarb worm (D)
  A merfolk siren (D)
  2 manticores (D)
  A water nymph (D)
  A guardian serpent (D)
  A slime creature (D)
  A smoke demon (D)
  A freezing wraith (D)
  Psyche (D)
  A tengu conjurer (D)
  11 guardian mummies (D)
  A hellwing (D)
  A tarantella (D)
  3 merfolk (D)
  A vampire (D)
  4 spriggans (D)
  An orc warrior (D)
  A boggart (D)
  2 ogres (D)
  A small abomination (D)
  A white imp (D)
  8 ball lightnings (D)
  A fire vortex (D)
109 creatures vanquished.

Grand Total: 525 creatures vanquished

Notes
Turn   | Place    | Note
-------+----------+-------------------------------------------
     0 | D        | 123456 the Minotaur Fighter began the quest for the Orb.
     0 | D        | Reached XP level 1. HP: 19/19 MP: 0/0
     9 | D        | Reached skill level 1 in Dodging
    26 | D        | Noticed a scorpion
    26 | D        | Noticed an ogre
    29 | D        | Reached XP level 2. HP: 24/28 MP: 1/1
    39 | D        | Reached skill level 5 in Fighting
    41 | D        | Killed an ogre
    42 | D        | Reached skill level 5 in Armour
    42 | D        | Reached XP level 3. HP: 19/39 MP: 2/2
    42 | D        | Reached XP level 4. HP: 23/47 MP: 3/3
    46 | D        | Killed a scorpion
    47 | D        | Reached XP level 5. HP: 17/53 MP: 4/4
   209 | D        | Found a snail-covered altar of Cheibriados.
   209 | D        | Found a shadowy altar of Dithmenos.
   209 | D        | Found a white marble altar of Elyvilon.
   209 | D        | Found a blossoming altar of Fedhas.
   209 | D        | Found an opulent altar of Gozag.
   210 | D        | Found a hazy altar of Hepliaklqana.
   211 | D        | Found a viscous altar of Jiyva.
   212 | D        | Found an ancient bone altar of Kikubaaqudgha.
   213 | D        | Found a corrupted altar of Lugonu.
   214 | D        | Found a burning altar of Makhleb.
   215 | D        | Found a sparkling altar of Nemelex Xobeh.
   216 | D        | Found an iron altar of Okawaru.
   217 | D        | Became a worshipper of Gozag Ym Sagoz the Greedy
   220 | D        | Found a stormy altar of Qazlal.
   221 | D        | Found a sacrificial altar of Ru.
   222 | D        | Found a shimmering blue altar of Sif Muna.
   223 | D        | Found a bloodstained altar of Trog.
   224 | D        | Found a hide-covered altar of Uskayaw.
   225 | D        | Found a radiant altar of Vehumet.
   226 | D        | Found an ornate altar of the Wu Jian Council.
   227 | D        | Found a shimmering altar of Xom.
   228 | D        | Found a basalt altar of Yredelemnul.
   229 | D        | Found a glowing silver altar of Zin.
   230 | D        | Found a glowing golden altar of the Shining One.
   277 | D        | Noticed a steam dragon
   277 | D        | Noticed a two-headed ogre
   277 | D        | Noticed a yak
   277 | D        | Noticed an acid dragon
   277 | D        | Noticed a shadow
   281 | D        | Killed a shadow
   282 | D        | Reached skill level 5 in Dodging
   282 | D        | Reached XP level 6. HP: 64/66 MP: 5/5
   284 | D        | Killed an acid dragon
   285 | D        | Reached skill level 10 in Fighting
   285 | D        | Reached skill level 10 in Maces & Flails
   291 | D        | Killed a yak
   292 | D        | Reached XP level 7. HP: 56/74 MP: 6/6
   297 | D        | Killed a two-headed ogre
   298 | D        | Reached XP level 8. HP: 34/86 MP: 7/7
   461 | D        | Noticed a deep elf pyromancer
   461 | D        | Noticed a catoblepas
   461 | D        | Noticed a two-headed ogre
   461 | D        | Noticed a cyclops
   465 | D        | Killed a cyclops
   466 | D        | Reached skill level 10 in Armour
   498 | D        | Killed a two-headed ogre
   499 | D        | Reached skill level 15 in Fighting
   499 | D        | Reached XP level 9. HP: 44/97 MP: 8/8
   502 | D        | Killed a catoblepas
   503 | D        | Reached skill level 15 in Maces & Flails
   513 | D        | HP: 4/99 [fire elemental[a deep elf pyromancer] (4)]
   520 | D        | Killed a deep elf pyromancer
   521 | D        | Reached skill level 10 in Dodging
   837 | D        | Noticed a komodo dragon
   837 | D        | Noticed a cane toad
   837 | D        | Noticed a rime drake
   839 | D        | Noticed a komodo dragon
   846 | D        | Killed a rime drake
   846 | D        | Noticed a komodo dragon
   849 | D        | Killed a cane toad
   850 | D        | Reached XP level 10. HP: 99/108 MP: 9/9
  1109 | D        | Noticed a cane toad
  1109 | D        | Noticed a black mamba
  1109 | D        | Noticed a cane toad
  1113 | D        | Killed a cane toad
  1113 | D        | Noticed a black mamba
  1117 | D        | Killed a black mamba
  1117 | D        | Noticed an elephant
  1130 | D        | Killed a cane toad
  1135 | D        | Killed a black mamba
  1141 | D        | Killed an elephant
  1505 | D        | Noticed a cane toad
  1505 | D        | Noticed a cane toad
  1508 | D        | Killed a cane toad
  1520 | D        | Killed a cane toad
  1521 | D        | Reached XP level 11. HP: 81/121 MP: 10/10
  1774 | D        | Noticed an orc knight
  1784 | D        | Killed an orc knight
  2029 | D        | Noticed an orc sorcerer
  2029 | D        | Noticed an orc sorcerer
  2031 | D        | Noticed an orc knight
  2041 | D        | Killed an orc knight
  2274 | D        | Found Rialojah's Book Boutique.
  2274 | D        | Noticed an ogre mage
  2274 | D        | Noticed a two-headed ogre
  2276 | D        | Found Vozebont's Distillery.
  2276 | D        | Noticed a two-headed ogre
  2279 | D        | Killed a two-headed ogre
  2280 | D        | Found Nuahig's General Store.
  2281 | D        | Noticed a two-headed ogre
  2282 | D        | Found Caussua's General Store.
  2286 | D        | Noticed a two-headed ogre
  2311 | D        | Bought a scroll of enchant weapon for 82 gold pieces
  2311 | D        | Bought a potion of heal wounds for 55 gold pieces
  2315 | D        | Bought a potion of curing for 33 gold pieces
  2315 | D        | Bought a potion of haste for 110 gold pieces
  2315 | D        | Bought a potion of curing for 33 gold pieces
  2315 | D        | Bought a potion of heal wounds for 55 gold pieces
  2315 | D        | Bought a potion of curing for 33 gold pieces
  2315 | D        | Bought 2 potions of mutation for 176 gold pieces
  2445 | D        | Noticed Urug
  2461 | D        | Killed Urug
  2751 | D        | Got the +8 scale mail of the Will of the Gods {rElec rPois
                  | Slay-3}
  2771 | D        | Got the +1 pair of gloves "Fokhluw" {rF++ Regen+ Int-2}
  2804 | D        | Gained mutation: You occasionally lose the ability to drink
                  | potions when taking damage. [potion of mutation]
  2804 | D        | Gained mutation: You passively map a small area around you.
                  | [potion of mutation]
  2805 | D        | Lost mutation: You passively map a small area around you.
                  | [potion of mutation]
  2805 | D        | Lost mutation: You occasionally lose the ability to drink
                  | potions when taking damage. [potion of mutation]
  2805 | D        | Gained mutation: You are partially covered in large bone
                  | plates. (SH +4) [potion of mutation]
  2805 | D        | Gained mutation: You are clumsy. (Dex -2) [potion of
                  | mutation]
  2806 | D        | Noticed a four-headed hydra
  2806 | D        | Noticed a deep elf pyromancer
  2806 | D        | Noticed a centaur warrior
  2806 | D        | Noticed a death knight
  2807 | D        | Noticed a wizard
  2808 | D        | Killed a centaur warrior
  2809 | D        | Noticed an ettin
  2809 | D        | Killed a wizard
  2814 | D        | Killed an ettin
  2815 | D        | Killed a deep elf pyromancer
  2816 | D        | Noticed a green very ugly thing
  2816 | D        | Noticed a fire giant
  2819 | D        | Killed a four-headed hydra
  2820 | D        | Noticed a glowing orange brain
  2825 | D        | Reached skill level 15 in Armour
  2825 | D        | Noticed an ice dragon
  2830 | D        | Noticed a stone giant
  2830 | D        | Killed a fire giant
  2835 | D        | Killed an ice dragon
  2837 | D        | Killed a green very ugly thing
  2845 | D        | Killed a wizard
  2916 | D        | Noticed Psyche
  2952 | D        | Noticed Nergalle
  2982 | D        | Noticed a goliath frog
  2982 | D        | Noticed a bunyip
  2982 | D        | Noticed a goliath frog
  2982 | D        | Noticed a bog body
  2982 | D        | Noticed a bunyip
  2982 | D        | Noticed a four-headed hydra
  2983 | D        | Killed a bog body
  2988 | D        | Killed a four-headed hydra
  2990 | D        | Noticed a swamp dragon
  2994 | D        | Killed a bunyip
  2995 | D        | Reached XP level 12. HP: 116/136 MP: 7/11
  2995 | D        | Noticed a bunyip
  3004 | D        | Killed a bunyip
  3036 | D        | Killed a bunyip
  3088 | D        | Bought the +7 Spriggan's Knife {stab, EV+4 Stlth+} for 1971
                  | gold pieces
  3088 | D        | Found the +7 Spriggan's Knife {stab, EV+4 Stlth+}
  3115 | D        | Reached skill level 1 in Short Blades
  3197 | D        | Noticed a boulder beetle
  3197 | D        | Noticed a radroach
  3203 | D        | Noticed an entropy weaver
  3210 | D        | Killed a radroach
  3238 | D        | Killed an entropy weaver
  3275 | D        | Killed Nergalle
  3280 | D        | Killed Psyche
  3283 | D        | Killed a boulder beetle
  3352 | D        | Noticed a naga warrior
  3365 | D        | Reached skill level 15 in Dodging
  3379 | D        | Killed a naga warrior
  3819 | D        | Noticed Aizul
  3849 | D        | Killed Aizul
  3949 | D        | Noticed a tengu warrior
  3949 | D        | Noticed an ice dragon
  3949 | D        | Noticed a stone giant
  3949 | D        | Noticed a stone giant
  3949 | D        | Noticed an ice dragon
  3952 | D        | Noticed an ettin
  3953 | D        | Killed an ice dragon
  3954 | D        | Reached skill level 5 in Short Blades
  3954 | D        | Noticed a rakshasa
  3954 | D        | Killed a tengu warrior
  3955 | D        | Noticed an ettin
  3956 | D        | Noticed a sphinx
  3956 | D        | Killed a rakshasa
  3957 | D        | Killed an ice dragon
  3958 | D        | Reached XP level 13. HP: 77/148 MP: 5/12
  3958 | D        | Noticed a fire dragon
  3958 | D        | Noticed a frost giant
  3959 | D        | Noticed a stone giant
  3960 | D        | Killed an ettin
  3961 | D        | Noticed a fire dragon
  3962 | D        | Noticed an ettin
  3963 | D        | Noticed a frost giant
  3963 | D        | Killed a fire dragon
  3964 | D        | Killed a fire dragon
  4057 | D        | Bought an ancient lead ring for 120 gold pieces
  4057 | D        | Identified the ring of Cooh {Fly rPois Dex+7} (You bought
                  | it in a shop in the Dungeon)
  4057 | D        | Bought a vibrating golden ring for 120 gold pieces
  4057 | D        | Identified the ring "Fuxiukk" {Wiz Str+6 Dex+3} (You bought
                  | it in a shop in the Dungeon)
  4057 | D        | Bought a piece from Xom's chessboard (15/15) for 480 gold
                  | pieces
  4081 | D        | Noticed an ironbound thunderhulk
  4081 | D        | Noticed a sphinx
  4085 | D        | Killed an ironbound thunderhulk
  4086 | D        | Noticed an ironbound preserver
  4088 | D        | Noticed an ironbound preserver
  4098 | D        | Noticed a vault warden
  4100 | D        | Noticed a purple very ugly thing
  4102 | D        | Noticed an orc warlord
  4103 | D        | Killed a purple very ugly thing
  4109 | D        | Killed an ironbound preserver
  4155 | D        | Bought a pair of glowing boots for 195 gold pieces
  4155 | D        | Bought a glowing plate armour for 676 gold pieces
  4155 | D        | Bought the +1 cloak of Starlight {*Dazzle EV+4 Stlth--} for
                  | 793 gold pieces
  4155 | D        | Found the +1 cloak of Starlight {*Dazzle EV+4 Stlth--}
  4438 | D        | Noticed Xtahua
  4442 | D        | Killed a sphinx
  4457 | D        | Killed Xtahua
  4574 | D        | Got a decaying rune of Zot
  4604 | D        | Noticed a nagaraja
  4611 | D        | Killed a nagaraja
  4612 | D        | Noticed a nagaraja
  4626 | D        | Noticed a nagaraja
  4636 | D        | Killed a nagaraja
  4655 | D        | Killed a nagaraja
  4686 | D        | Got a serpentine rune of Zot
  4772 | D        | Noticed an emperor scorpion
  4772 | D        | Noticed an emperor scorpion
  4780 | D        | Killed an emperor scorpion
  4781 | D        | Reached XP level 14. HP: 155/163 MP: 0/13
  4786 | D        | Reached skill level 10 in Short Blades
  4790 | D        | Killed a ghost moth
  4804 | D        | Killed an emperor scorpion
  4809 | D        | Noticed an emperor scorpion
  4814 | D        | Killed a ghost moth
  4821 | D        | Noticed an emperor scorpion
  4828 | D        | Killed an emperor scorpion
  4830 | D        | Noticed an emperor scorpion
  4842 | D        | Killed an emperor scorpion
  4850 | D        | Killed an emperor scorpion
  4859 | D        | Got a gossamer rune of Zot
  4877 | D        | Bought the ring "Caruereu" {rPois EV+5 Slay+5} for 750 gold
                  | pieces
  4946 | D        | Noticed Ilsuiw
  4975 | D        | Killed Ilsuiw
  5002 | D        | Reached skill level 27 in Fighting
  5010 | D        | Reached skill level 27 in Maces & Flails
  5027 | D        | Got a barnacled rune of Zot
  5043 | D        | Bought the +7 morningstar "Erewo" {freeze, rF++ Str+6} for
                  | 1348 gold pieces
  5074 | D        | Noticed Mennas
  5075 | D        | Noticed Jory
  5089 | D        | Killed Mennas
  5096 | D        | Killed Jory
  5206 | D        | Reached skill level 15 in Short Blades
  5206 | D        | Reached XP level 15. HP: 160/174 MP: 14/14
  5429 | D        | Noticed a tentacled monstrosity
  5429 | D        | Noticed a vault warden
  5434 | D        | Noticed a vault warden
  5440 | D        | Killed a tentacled monstrosity
  5441 | D        | Noticed a frost giant
  5444 | D        | Killed a vault warden
  5445 | D        | Noticed a shadow dragon
  5448 | D        | Killed a vault warden
  5456 | D        | Noticed a frost giant
  5456 | D        | Noticed a shadow dragon
  5464 | D        | Killed a frost giant
  5470 | D        | Noticed a deep elf sorcerer
  5471 | D        | Killed a shadow dragon
  5475 | D        | Killed a frost giant
  5480 | D        | Killed a shadow dragon
  5481 | D        | Reached skill level 5 in Shields
  5484 | D        | Killed a deep elf sorcerer
  5827 | D        | Noticed a shadow dragon
  5827 | D        | Noticed an ancient lich
  5827 | D        | Noticed an ancient lich
  5827 | D        | Noticed a shadow dragon
  5832 | D        | Noticed a golden dragon
  5833 | D        | Noticed a shadow dragon
  5837 | D        | Noticed an ancient lich
  5849 | D        | Killed an ancient lich
  5854 | D        | Killed an ancient lich
  5879 | D        | Killed an ancient lich
  5880 | D        | Reached skill level 10 in Shields
  5882 | D        | Killed a golden dragon
  5890 | D        | Killed a shadow dragon
  5897 | D        | Killed a shadow dragon
  5905 | D        | Killed a shadow dragon
  5906 | D        | Reached XP level 16. HP: 94/183 MP: 15/15
  5910 | D        | Identified the staff of fire "Zelly" {rF+ Int+6}
  5930 | D        | Got a silver rune of Zot
  5964 | D        | Noticed Frederick
  5974 | D        | Killed Frederick
  5983 | D        | Noticed Sojobo
  5984 | D        | Noticed a tengu reaver
  5985 | D        | Noticed a tengu reaver
  5986 | D        | Noticed Rupert
  6002 | D        | Killed Sojobo
  6008 | D        | Killed a tengu reaver
  6012 | D        | Killed a tengu reaver
  6023 | D        | Killed Rupert
  6154 | D        | Noticed Margery
  6165 | D        | Killed Margery
  6169 | D        | Reached skill level 27 in Armour
  6221 | D        | Got the ring of Kuhoa {+Blink rPois rF+ rC+ Str-3}
  6223 | D        | Got the ring "Nasuomat" {rElec rF+ Will+ Stlth+}
  6225 | D        | Got the amulet of the Eleven Runes {Faith Str+4 Dex-2}
  6227 | D        | Got the ring "Nubiw" {rN+ Will+ SInv}
  6229 | D        | Got the ring "Muodin" {Wiz SInv Stlth+}
  6262 | D        | Got the +3 tower shield "Caelupn" {Str+3}
  6400 | D        | Noticed Mara
  6407 | D        | Noticed 123456's illusion
  6409 | D        | Noticed Louise
  6470 | D        | Noticed 123456's illusion
  6470 | D        | Killed Mara
  6478 | D        | Killed Louise
  6479 | D        | Reached skill level 15 in Shields
  6501 | D        | Noticed Nikola
  6512 | D        | Killed Nikola
  6521 | D        | Noticed Nessos
  6529 | D        | Killed Nessos
  6544 | D        | Noticed a storm dragon
  6544 | D        | Noticed a juggernaut
  6545 | D        | Noticed a storm dragon
  6552 | D        | Noticed a sphinx
  6572 | D        | Killed a juggernaut
  6589 | D        | Killed a storm dragon
  6594 | D        | Killed a storm dragon
  6596 | D        | Paralysed by a sphinx for 2 turns
  6599 | D        | Killed a sphinx
  6650 | D        | Noticed a golden dragon
  6650 | D        | Noticed a storm dragon
  6665 | D        | Killed a storm dragon
  6677 | D        | Killed a golden dragon
  6690 | D        | Reached skill level 27 in Dodging
  6737 | D        | Noticed a quicksilver dragon
  6737 | D        | Noticed a storm dragon
  6750 | D        | Killed a storm dragon
  6751 | D        | Reached skill level 1 in Evocations
  6751 | D        | Killed a quicksilver dragon
  6799 | D        | Noticed a tentacled monstrosity
  6799 | D        | Noticed a golden dragon
  6799 | D        | Noticed a storm dragon
  6799 | D        | Noticed a tentacled monstrosity
  6806 | D        | Killed a tentacled monstrosity
  6807 | D        | Reached skill level 5 in Throwing
  6807 | D        | Reached XP level 17. HP: 191/191 MP: 16/16
  6808 | D        | Reached skill level 5 in Evocations
  6818 | D        | Killed a golden dragon
  6821 | D        | Killed a tentacled monstrosity
  6867 | D        | Noticed a Killer Klown
  6867 | D        | Noticed a curse toe
  6867 | D        | Noticed a tentacled monstrosity
  6872 | D        | Killed a tentacled monstrosity
  6876 | D        | Noticed a quicksilver dragon
  6878 | D        | Killed a Killer Klown
  6896 | D        | Killed a curse toe
  6899 | D        | Killed a quicksilver dragon
  6983 | D        | Noticed a tentacled monstrosity
  6983 | D        | Noticed a quicksilver dragon
  6989 | D        | Killed a quicksilver dragon
  6996 | D        | Killed a tentacled monstrosity
  7012 | D        | Reached skill level 10 in Throwing
  7138 | D        | Noticed an Orb Guardian
  7138 | D        | Noticed an Orb Guardian
  7138 | D        | Noticed an Orb Guardian
  7138 | D        | Noticed an Orb Guardian
  7138 | D        | Noticed an Orb Guardian
  7138 | D        | Noticed an Orb Guardian
  7143 | D        | Killed an Orb Guardian
  7147 | D        | Killed an Orb Guardian
  7148 | D        | Reached skill level 10 in Evocations
  7149 | D        | Noticed an Orb Guardian
  7150 | D        | Killed an Orb Guardian
  7150 | D        | Noticed an Orb Guardian
  7152 | D        | Killed an Orb Guardian
  7153 | D        | Noticed an Orb Guardian
  7156 | D        | Noticed an Orb Guardian
  7159 | D        | Killed an Orb Guardian
  7161 | D        | Killed an Orb Guardian
  7166 | D        | Killed an Orb Guardian
  7170 | D        | Killed an Orb Guardian
  7171 | D        | Reached skill level 27 in Short Blades
  7172 | D        | Killed an Orb Guardian
  7176 | D        | Killed an Orb Guardian
  7209 | D        | Noticed an Orb Guardian
  7209 | D        | Noticed an Orb Guardian
  7209 | D        | Noticed a tentacled monstrosity
  7213 | D        | Noticed an Orb Guardian
  7216 | D        | Killed a tentacled monstrosity
  7221 | D        | Noticed an Orb Guardian
  7227 | D        | Killed an Orb Guardian
  7231 | D        | Killed an Orb Guardian
  7235 | D        | Killed an Orb Guardian
  7240 | D        | Killed an Orb Guardian
  8280 | D        | Noticed an ancient lich
  8285 | D        | Killed an ancient lich
  8303 | D        | Noticed an orb of fire
  8303 | D        | Gained mutation: Armour fits poorly on your strangely
                  | shaped body. [an orb of fire]
  8314 | D        | Killed an orb of fire
  8315 | D        | Reached skill level 15 in Throwing
  8432 | D        | Noticed an electric golem
  8436 | D        | Killed an electric golem
  8452 | D        | Noticed an orb of fire
  8452 | D        | Noticed an electric golem
  8456 | D        | Noticed an ancient lich
  8458 | D        | Noticed an orb of fire
  8458 | D        | Gained mutation: You occasionally lose the ability to read
                  | scrolls when taking damage. [an orb of fire]
  8461 | D        | Gained mutation: You have sharp toenails. [an orb of fire]
  8461 | D        | Noticed an ancient lich
  8463 | D        | Killed an orb of fire
  8464 | D        | Reached skill level 15 in Evocations
  8465 | D        | Killed an electric golem
  8466 | D        | Reached XP level 18. HP: 200/200 MP: 17/17
  8467 | D        | Noticed a Killer Klown
  8471 | D        | Killed an ancient lich
  8472 | D        | Reached skill level 27 in Shields
  8475 | D        | Killed an orb of fire
  8487 | D        | Killed a Killer Klown
  8492 | D        | Killed an ancient lich
  8520 | D        | Noticed an ancient lich
  8521 | D        | Noticed a golden dragon
  8538 | D        | Killed an ancient lich
  8539 | D        | Killed a golden dragon
  8591 | D        | Noticed an Orb Guardian
  8591 | D        | Noticed an Orb Guardian
  8591 | D        | Noticed an Orb Guardian
  8591 | D        | Noticed an Orb Guardian
  8591 | D        | Noticed an Orb Guardian
  8591 | D        | Noticed an Orb Guardian
  8597 | D        | Killed an Orb Guardian
  8600 | D        | Killed an Orb Guardian
  8602 | D        | Killed an Orb Guardian
  8604 | D        | Noticed an Orb Guardian
  8606 | D        | Killed an Orb Guardian
  8607 | D        | Killed an Orb Guardian
  8611 | D        | Killed an Orb Guardian
  8613 | D        | Noticed an Orb Guardian
  8624 | D        | Killed an Orb Guardian
  8625 | D        | Noticed an Orb Guardian
  8625 | D        | Noticed an Orb Guardian
  8628 | D        | Killed an Orb Guardian
  8629 | D        | Noticed an Orb Guardian
  8630 | D        | Noticed an Orb Guardian
  8632 | D        | Killed an Orb Guardian
  8635 | D        | Killed an Orb Guardian
  8639 | D        | Killed an Orb Guardian
  8645 | D        | Killed an Orb Guardian
  8755 | D        | Noticed an ancient lich
  8755 | D        | Noticed a lich
  8755 | D        | Noticed an ancient lich
  8755 | D        | Noticed a lich
  8760 | D        | Noticed a lich
  8761 | D        | Killed an ancient lich
  8762 | D        | Noticed a lich
  8762 | D        | Killed a lich
  8763 | D        | Noticed an ancient lich
  8845 | D        | Your ally spriggan baker died
  8873 | D        | Killed an ancient lich
  8887 | D        | Got an elven rune of Zot
  8912 | D        | Killed an ancient lich
  9203 | D        | Noticed the Royal Jelly
  9233 | D        | Killed the Royal Jelly
  9236 | D        | Paralysed by a floating eye for 4 turns
  9248 | D        | Paralysed by a floating eye for 2 turns
  9254 | D        | Paralysed by a floating eye for 2 turns
  9259 | D        | Paralysed by a floating eye for 2 turns
  9282 | D        | Paralysed by a floating eye for 2 turns
  9339 | D        | Got a slimy rune of Zot
  9512 | D        | Reached skill level 1 in Stealth
  9577 | D        | Noticed a royal mummy
  9577 | D        | Noticed a royal mummy
  9577 | D        | Noticed a royal mummy
  9578 | D        | Noticed a royal mummy
  9579 | D        | Noticed a royal mummy
  9586 | D        | Got a golden rune of Zot
  9615 | D        | Noticed a lich
  9640 | D        | Got an abyssal rune of Zot
  9781 | D        | Noticed Geryon
  9794 | D        | Killed Geryon
  9795 | D        | Reached skill level 5 in Stealth
  9795 | D        | Reached XP level 19. HP: 207/207 MP: 18/18
  9799 | D        | Noticed Mnoleg
  9799 | D        | Found the +13 sceptre of Asmodeus
  9799 | D        | Noticed Asmodeus
  9799 | D        | Noticed Antaeus
  9902 | D        | Killed Asmodeus
  9977 | D        | Killed Antaeus
  9978 | D        | Reached skill level 27 in Throwing
 10001 | D        | Killed a royal mummy
 10005 | D        | Killed a royal mummy
 10031 | D        | Killed Mnoleg
 10105 | D        | Noticed Ereshkigal
 10120 | D        | Noticed a Tzitzimitl
 10151 | D        | Noticed a Tzitzimitl
 10153 | D        | Noticed a Tzitzimitl
 10163 | D        | Killed Ereshkigal
 10285 | D        | Got an obsidian rune of Zot
 10289 | D        | Got a glowing rune of Zot
 10291 | D        | Found the +6 sword of Cerebov {flame}
 10291 | D        | Noticed Cerebov
 10312 | D        | Killed a royal mummy
 10344 | D        | Noticed Lom Lobon
 10380 | D        | Killed Cerebov
 10521 | D        | Killed from afar by Lom Lobon

Illustrated notes

Levels and vault maps discovered:
D:        linesprint [early_d, line_temple, items_1, d_10, items_2, lair_1,
          lair_end, items_3, orc_1, orc_end, items_4, d_15, swamp_1, shoals_1,
          snake_1, spider_1, d_20, vaults_1, items_5, swamp_end, shoals_end,
          snake_end, spider_end, vaults_end, d_27, items_6, zot_1, zot_end,
          crypt_end, forest_end, elf_end, slime_end, tomb_end, abyss_end,
          pan_hell_end]

Skill      XL: |  1  2  3  4  5  6  7  8  9 10 11 12 13 14 15 16 17 18 19 |
---------------+----------------------------------------------------------+-----
Fighting       | 4 7 8 9 11 13 15 16 18 21 23 25 27 | 27.0
Maces & Flails | 3 6 7 9 11 12 14 16 18 21 23 25 27 | 27.0
Dodging        | 1 3 4 5 6 8 9 10 12 13 15 17 20 23 27 | 27.0
Armour         | 4 5 6 7 8 9 10 12 13 15 17 18 22 26 27 | 27.0
Short Blades   | 5 9 15 20 24 27 | 27.0
Shields        | 11 20 26 27 | 27.0
Throwing       | 5 16 25 27 | 27.0
Evocations     | 4 15 23 24 | 24.1
Stealth        | 5 16 | 16.7

Action                     |  1- 3 |  4- 6 |  7- 9 | 10-12 | 13-15 | 16-18 | 19-21 || total
---------------------------+-------+-------+-------+-------+-------+-------+-------++-------
  Melee: Flail             |    23 |     4 |       |       |       |       |       ||    27
         Headbutt          |     5 |     3 |    11 |    63 |   152 |   201 |    41 ||   476
         Morningstar       |       |    13 |    36 |       |   215 |   701 |    26 ||   991
         Great mace        |       |       |    10 |   121 |       |       |       ||   131
         Demon whip        |       |       |       |   156 |   307 |       |       ||   463
         Punch             |       |       |       |     3 |     5 |       |       ||     8
         Knife             |       |       |       |     2 |     1 |       |       ||     3
         Eveningstar       |       |       |       |       |       |       |   100 ||   100
  Throw: Javelin           |       |       |       |       |       |    34 |     8 ||    42
 Invoke: Bribe Branch      |       |       |       |     1 |       |     4 |       ||     5
         Call Merchant     |       |       |       |     1 |     7 |     1 |       ||     9
         Potion Petition   |       |       |       |       |     2 |     1 |     3 ||     6
  Evoke: Lightning rod     |       |       |       |       |       |     7 |     3 ||    10
         Piece from Xom's  |       |       |       |       |       |       |     2 ||     2
         Box of beasts     |       |       |       |       |       |       |     1 ||     1
         Phantom mirror    |       |       |       |       |       |       |     1 ||     1
    Use: Potion            |       |       |     2 |     5 |     4 |     9 |     7 ||    27
         Scroll            |       |       |       |     4 |     6 |     4 |       ||    14
   Stab: Petrified         |       |       |     8 |       |       |       |       ||     8
         Distracted        |       |       |       |     6 |     7 |    12 |       ||    25
         Invisible         |       |       |       |       |    16 |     8 |     1 ||    25
 Armour: Scale mail        |     3 |     2 |       |       |       |       |       ||     5
         Chain mail        |       |     4 |    37 |    28 |       |       |       ||    69
         Plate armour      |       |       |       |    54 |   157 |   125 |    31 ||   367
  Dodge: Dodged            |     5 |     4 |    15 |    85 |   291 |   281 |    37 ||   718
  Block: Buckler           |     3 |     3 |     4 |       |       |       |       ||    10
         Other             |       |       |       |    18 |    42 |       |       ||    60
         Tower shield      |       |       |       |       |    44 |   558 |   104 ||   706

Table legend: (Time is in decaauts) A = Elapsed time spent in this place. B = Non-inter-level travel time spent in this place. C = Inter-level travel time spent in this place. D = Time resting spent in this place. E = Time spent auto-exploring this place. F = Levels seen in this place. G = Mean time per level. A B C D E F G +--------+--------+--------+--------+--------+-----+--------+ Total | 10005 | 9169 | 836 | 2893 | 2215 | 1 | 10005.0 | Dungeon | 10005 | 9169 | 836 | 2893 | 2215 | 1 | 10005.0 | +--------+--------+--------+--------+--------+-----+--------+

Top non-repeatable levels by time:
       D: 10005 daAuts
